AoeStats
← RedeemYourself

Four Lakes

510128618Analyzed
1v1 RM · 2d ago on Sep 29, 2026· 48m 19s· 2 players
Game mode
Random Map
Map size
Tiny (2 player)
Population
200
Speed
Normal
Resources
Standard
Victory
Conquest
Starting age
Dark Age
Ending age
Imperial Age
RankedLock teamsTeams togetherTeam positionsShared explorationLock speedFull tech treeHidden civsTurbo modeCheats
Victory
Defeat
🇩🇪 Japanese · Germany
1688
+19
🇨🇭 Varangians · Switzerland
1750
-19
KommaHermann
2:28 Loom
7:32 Loom
9:45 Feudal Age
13:29 Forging
17:19 Bloodlines
20:39 Fishing Lines
22:04 Horse Collar
23:11 Double-Bit Axe
24:35 Scale Barding Armor
29:32 Castle Age
30:16 Wheelbarrow
29:35 Light Cavalry
30:36 Chain Barding Armor
30:54 Husbandry
32:08 Bow Saw
33:01 Elite Skirmisher
34:01 Gillnets
38:31 Gold Mining
38:42 Fletching
39:20 Bodkin Arrow
40:23 Padded Archer Armor
43:28 Leather Archer Armor
RedeemYourself
6:17 Loom
8:44 Feudal Age
8:55 Man-at-Arms
11:16 Double-Bit Axe
12:50 Fletching
15:58 Padded Archer Armor
25:24 Castle Age
24:24 Horse Collar
25:15 Gold Mining
25:26 Crossbowman
26:13 Bodkin Arrow
26:28 Bow Saw
32:07 Bloodlines
35:20 Ballistics
38:09 Town Watch
39:10 Wheelbarrow
38:37 Heavy Plow
38:53 Leather Archer Armor
48:15 Imperial Age
46:32 Light Cavalry
Connection lost

Rejoining the realm…

Still unreachable

The connection could not be restored.

Session expired

The server has moved on; the page needs a fresh start.